 Dungeon Crawl Stone Soup version 0.25-a0-937-gcfae464cf3 (webtiles) character file.

Game seed: 2585603552211898390, levelgen mode: deterministic

112 inmateoo the Ruffian (level 4, 44/44 HPs)
             Began as a Troll Fighter on May 3, 2020.
             Quit the game on level 3 of the Dungeon on May 4, 2020.
             The game lasted 00:05:36 (1534 turns).

inmateoo the Ruffian (Troll Fighter)                Turns: 1534, Time: 00:05:36

Health: 44/44      AC:  6    Str: 25    XL:     4   Next: 63%
Magic:  3/3        EV:  8    Int:  4    God:
Gold:   74         SH:  9    Dex:  9    Spells: 3/3 levels left

rFire    . . .     SeeInvis +     - Unarmed
rCold    . . .     Gourm    +   b - +0 kite shield
rNeg     . . .     Faith    .   a - +0 robe
rPois    .         Spirit   .   (helmet restricted)
rElec    .         Reflect  .   (no cloak)
rCorr    .         Harm     .   (gloves unavailable)
MR       .....                  (boots unavailable)
Stlth    +.........             (no amulet)
HPRegen  0.54/turn              h - ring of see invisible
MPRegen  0.08/turn              (no ring)

@: no status effects
A: large, unfitting armour, claws 3, fast metabolism 3, gourmand, regeneration
1, shaggy fur 1, tough skin 3
a: no special abilities


You were on level 3 of the Dungeon.
You were full.

You visited 1 branch of the dungeon, and saw 3 of its levels.

You collected 74 gold pieces.

Inventory:

Armour
 a - a +0 robe (worn)
 b - a +0 kite shield (worn)
Jewellery
 h - a ring of see invisible (left claw)
Scrolls
 k - 3 scrolls of identify
Potions
 c - a potion of might
 e - a potion of curing
Comestibles
 d - 3 rations


   Skills:
 + Level 2.8 Fighting
 + Level 2.9 Dodging
 + Level 0.4 Stealth
 + Level 3.1 Shields
 + Level 3.2 Unarmed Combat


You had 3 spell levels left.
You didn't know any spells.
Your spell library was empty.

Dungeon Overview and Level Annotations

Branches:
Dungeon (3/15)

Altars:
Zin


Innate Abilities, Weirdness & Mutations

You are too large for most types of armour.
You have claws for hands.
Your metabolism is lightning-fast.
You like to eat raw meat.
Your natural rate of healing is unusually fast.
You are covered in fur. (AC +1)
You have extremely tough skin. (AC +3)


Message History

The air around you briefly surges with heat, but it dissipates.
It was a scroll of immolation.
As you read the scroll labeled EGACZI FIEX, it crumbles to dust.
You feel blessed for a moment.
It was a scroll of remove curse.
Your surroundings suddenly seem different.
(D) Dungeon
Where to? (Enter - D:1 @ (x,y), ? - help)
There is a stone staircase leading down here.
You climb downwards.
A giant cockroach, a goblin and an orc come into view.
The orc shouts!
Found 14 gold pieces and a chain mail.
Found a stone staircase leading up.
There is a stone staircase leading up here.
Saving game... please wait.
Welcome back, inmateoo the Troll Fighter.
Press ? for a list of commands and other information.
Unknown command.
Quiver which item? (- for none, * to show all) (? for menu, Esc to quit)
Okay, then.
Are you sure you want to abandon this character and quit the game? (Confirm with "yes".)

.....[ ...
...... ..
...... #.## .
......###...#..
...............
...............
...............
#.@......g
......$.$......
..o............
.#####.###.....
.. ..... ...
..## .s. .#
.... .<


You could see an orc, a giant cockroach and a goblin (sleeping).

Vanquished Creatures
  Robin (D:2)
  An adder (D:2)
  3 oozes
  4 worms (D:2)
  3 dart slugs (D:1)
  A leopard gecko (D:1)
  15 goblins
  11 hobgoblins
  6 jackals (D:1)
  A quokka (D:2)
  A ball python (D:2)
  3 bats (D:1)
  3 frilled lizards
  3 kobolds
  4 rats
60 creatures vanquished.

Notes
Turn   | Place    | Note
-------+----------+-------------------------------------------
     0 | D:1      | inmateoo the Troll Fighter began the quest for the Orb.
     0 | D:1      | Reached XP level 1. HP: 22/22 MP: 0/0
   133 | D:1      | Reached XP level 2. HP: 16/29 MP: 1/1
   345 | D:1      | Reached XP level 3. HP: 36/36 MP: 2/2
   903 | D:2      | Found a glowing silver altar of Zin.
   984 | D:2      | Reached XP level 4. HP: 44/44 MP: 3/3
  1106 | D:2      | Noticed Robin
  1141 | D:2      | Killed Robin
  1534 | D:3      | Upgraded the game from 0.25-a0-930-g9f5dfa9815 to
                  | 0.25-a0-937-gcfae464cf3
  1534 | D:3      | Quit the game

Levels and vault maps discovered:
D:1:      shiori_arrival_elements, layout_basic
D:2:      minmay_wonky_spiral, layout_loops_ring,
          nicolae_overflow_crystal_walls, chequers_serial_rivers_micro_d,
          uniq_robin
D:3:      layout_rooms, grunt_qazlal_sundering, first_ration,
          serial_park_tiny_pond, solitary_fountain

Skill      XL: |  1  2  3  4 |
---------------+-------------+-----
Shields        | 3 |  3.1
Unarmed Combat | 3 |  3.2
Fighting       | |  2.8
Dodging        | |  2.9
Stealth        | |  0.4

Action                   |  1- 3 |  4- 6 || total
-------------------------+-------+-------++-------
Melee: Unarmed           |   111 |    55 ||   166
  Use: Scroll            |     1 |     5 ||     6
 Stab: Sleeping          |     2 |       ||     2
  Eat: Chunk             |    15 |     1 ||    16
Armor: Robe              |    33 |    14 ||    47
Dodge: Dodged            |    34 |    11 ||    45
Block: Kite shield       |    48 |    21 ||    69

Table legend:
 A = Non-vault XP
 B = Vault XP
 C = Vault XP percentage of total XP
 D = Non-vault monster count
 E = Vault monster count
 F = Vault count percentage of total count
                 A         B        C        D         E       F
            +---------+---------+-------+---------+---------+-------
      Total |     116 |      44 |  27.5 |      45 |      15 |  25.0
            +---------+---------+-------+---------+---------+-------
        D:1 |      72 |       0 |   0.0 |      32 |       0 |   0.0
        D:2 |      44 |      44 |  50.0 |      13 |      15 |  53.6
            +---------+---------+-------+---------+---------+-------
